 Dungeon Sprint DCSS version 0.31-a0-75-g6fe912e8c5 (webtiles) character file.

Game seed: 6198459269485343599

3913 sircluck the Brawler (level 10, -8/165 HPs)
             Began as a Troll Berserker on May 23, 2023.
             Was a High Priest of Trog.
             Mangled by a demonic crawler (17 damage)
             ... in the Dungeon (Sprint VII: "The Pits").
             The game lasted 00:03:19 (775 turns).

sircluck the Brawler (Troll Berserker)               Turns: 775, Time: 00:03:20

Health: -8/165     AC:  4    Str: 31    XL:     10   Next: 1%
Magic:  9/9        EV: 12    Int:  3    God:    Trog [*****.]
Gold:   0          SH:  0    Dex:  9    Spells: 9/9 levels left

rFire   . .          .
                       - Unarmed
rCold   . . .        (no shield)
rNeg    . . .        a - +0 animal skin
rPois   .            (helmet restricted)
rElec   .            (no cloak)
rCorr   .            (gloves unavailable)
SInv    .            (boots unavailable)
Will    .....        (no amulet) Stlth
                     (no ring)
HPRegen 1.27/turn    (no ring)
MPRegen 0.11/turn

%: no teleportation
@: berserking, very quick
A: large, unfitting armour, claws 3, regeneration 1, shaggy fur 1, tough skin 1
a: Renounce Religion, Berserk, Trog's Hand, Brothers in Arms


You were in the Dungeon.
You worshipped Trog.
Trog was extremely pleased with you.
You visited 1 branch

Inventory:

Missiles
 c - 8 poisoned darts (quivered)
 m - 14 stones
Armour
 a - a +0 animal skin (worn)
 g - a +0 troll leather armour
Jewellery
 h - a +3 ring of intelligence
 i - a +3 ring of evasion
Potions
 b - 8 potions of curing
 d - 3 potions of haste
 e - 4 potions of magic
 f - 3 potions of berserk rage
 j - 9 potions of heal wounds
 k - a potion of might
 l - 2 potions of invisibility


   Skills:
 + Level 10.0 Fighting
 + Level 11.1 Dodging
 + Level 1.2 Stealth
 + Level 16.1 Unarmed Combat


You had 9 spell levels left.
You didn't know any spells.
Your spell library was empty.

Dungeon Overview and Level Annotations

Branches:
Dungeon (1/1)

Altars:
Ashenzari
Cheibriados
Dithmenos
Elyvilon
Fedhas
Gozag
Hepliaklqana
Kikubaaqudgha
Makhleb
Nemelex Xobeh
Okawaru
Qazlal
Ru
Sif Muna
Trog
Uskayaw
Vehumet
Wu Jian
Xom
Yredelemnul
Zin
The Shining One
Jiyva
Lugonu


Innate Abilities, Weirdness & Mutations

You are too large for most types of armour.
You have claws for hands.
Your natural rate of healing is unusually fast.
You are covered in fur. (AC +1)
You have tough skin. (AC +1)


Message History

The vampire mosquito bites you!
* * * LOW HITPOINT WARNING * * *
The vampire mosquito draws strength from your injuries!
You closely miss the vampire mosquito.
The vampire mosquito is severely damaged.
The vampire mosquito bites you.
* * * LOW HITPOINT WARNING * * *
The vampire mosquito draws strength from your injuries!
You closely miss the vampire mosquito.
The vampire mosquito is severely damaged.
You mangle the vampire mosquito!!
You destroy the vampire mosquito!
Trog accepts your kill.
You eviscerate the centaur warrior!!!
You kill the centaur warrior!
Trog accepts your kill.
Your Fighting skill increases to level 10!
Your Dodging skill increases to level 11!
Your Unarmed Combat skill increases to level 16!
You have reached level 10!
Unknown command.
Unknown command.
You completely miss the demonic crawler.
You claw the demonic crawler!
The demonic crawler is moderately wounded.
The demonic crawler completely misses you.
The demonic crawler misses you. The demonic crawler closely misses you.
You claw the demonic crawler!
The demonic crawler is moderately wounded.
You barely miss the demonic crawler.
The demonic crawler is moderately wounded.
The demonic crawler barely misses you. The demonic crawler hits you!
* * * LOW HITPOINT WARNING * * *
The demonic crawler closely misses you.
You mangle the demonic crawler!!
The demonic crawler is heavily wounded.
The demonic crawler hits you!
* * * LOW HITPOINT WARNING * * *
The demonic crawler hits you!
You die...

...............+
...............+
.....#..#......#
...............#
##'#####''######
......##''# ########
......##..# #.°Rg.g#
......##..# #.°#s#☼..g°.
..<...##..##.Y##@##☼°..g
......##..##.##...##c..#
......##..####.....# .##
......##...##......# .#
########....'......+ +
########...##......#
.#..[[##..####.....#
.#..[[##..# ##...##
.'..))##..# ##.##


You could see a demonic crawler, an efreet and a gnoll.

Vanquished Creatures
  A centaur warrior (D)
  A death yak (D)
  A deep troll (D)
  An orange demon (D)
  A guardian mummy (D)
  A polar bear (D)
  Grinder (D)
  2 vampire mosquitoes (D)
  Menkaure (D)
  2 wargs (D)
  A sky beast (D)
  An ogre (D)
  A kobold brigand (D)
  A gnoll sergeant (D)
  A small abomination (D)
  2 iron imps (D)
  2 gnolls (D)
  An adder (D)
  An ufetubus (D)
  An adder zombie (D)
  A bat (D)
  An endoplasm (D)
  3 kobolds (D)
  A quokka (D)
  2 rats (D)
32 creatures vanquished.

Vanquished Creatures (collateral kills)
  A guardian mummy (D)
  A troll (D)
  A swamp drake (D)
  A floating eye (D)
4 creatures vanquished.

Grand Total: 36 creatures vanquished

Notes
Turn   | Place    | Note
-------+----------+-------------------------------------------
     0 | D        | sircluck the Troll Berserker began the quest for the Orb.
     0 | D        | Reached XP level 1. HP: 22/22 MP: 0/0
    32 | D        | Reached XP level 2. HP: 31/31 MP: 1/1
    46 | D        | Noticed a guardian mummy
    70 | D        | Killed a guardian mummy
    71 | D        | Reached skill level 8 in Unarmed Combat
    71 | D        | Reached XP level 3. HP: 21/45 MP: 2/2
    71 | D        | Reached XP level 4. HP: 25/53 MP: 3/3
    71 | D        | Reached XP level 5. HP: 28/61 MP: 4/4
   128 | D        | Reached ** piety under Trog
   129 | D        | Reached XP level 6. HP: 44/68 MP: 5/5
   215 | D        | Noticed a warg
   215 | D        | Noticed a sky beast
   232 | D        | Killed a warg
   232 | D        | Reached *** piety under Trog
   233 | D        | Reached skill level 9 in Unarmed Combat
   237 | D        | Killed a sky beast
   238 | D        | Reached XP level 7. HP: 62/78 MP: 6/6
   239 | D        | Reached skill level 10 in Unarmed Combat
   276 | D        | Reached **** piety under Trog
   285 | D        | Noticed Menkaure
   292 | D        | Killed Menkaure
   293 | D        | Reached skill level 11 in Unarmed Combat
   295 | D        | Reached ***** piety under Trog
   438 | D        | Noticed a polar bear
   438 | D        | Noticed a deep troll
   444 | D        | Noticed Grinder
   447 | D        | Killed a deep troll
   448 | D        | Reached skill level 12 in Unarmed Combat
   448 | D        | Reached XP level 8. HP: 89/89 MP: 7/7
   458 | D        | Killed a polar bear
   459 | D        | Reached skill level 13 in Unarmed Combat
   466 | D        | Killed Grinder
   587 | D        | Received a gift from Trog
   654 | D        | Found a bloodstained altar of Trog.
   654 | D        | Found a shimmering blue altar of Sif Muna.
   654 | D        | Found a viscous altar of Jiyva.
   654 | D        | Found a hazy altar of Hepliaklqana.
   654 | D        | Found an opulent altar of Gozag.
   655 | D        | Found a glowing golden altar of the Shining One.
   655 | D        | Found a glowing silver altar of Zin.
   655 | D        | Found a basalt altar of Yredelemnul.
   655 | D        | Found a shimmering altar of Xom.
   655 | D        | Found an ornate altar of the Wu Jian Council.
   655 | D        | Found a sacrificial altar of Ru.
   655 | D        | Found a stormy altar of Qazlal.
   655 | D        | Found an iron altar of Okawaru.
   655 | D        | Found a sparkling altar of Nemelex Xobeh.
   655 | D        | Found a burning altar of Makhleb.
   655 | D        | Found a blossoming altar of Fedhas.
   655 | D        | Found a white marble altar of Elyvilon.
   655 | D        | Found a shadowy altar of Dithmenos.
   655 | D        | Found a snail-covered altar of Cheibriados.
   659 | D        | Found a corrupted altar of Lugonu.
   659 | D        | Found a radiant altar of Vehumet.
   660 | D        | Found a broken altar of Ashenzari.
   660 | D        | Found an ancient bone altar of Kikubaaqudgha.
   660 | D        | Found a hide-covered altar of Uskayaw.
   708 | D        | Noticed an orange demon
   708 | D        | Noticed a troll
   708 | D        | Noticed a guardian mummy
   712 | D        | Paralysed by a floating eye for 3 turns
   716 | D        | Reached XP level 9. HP: 84/98 MP: 8/8
   717 | D        | Killed a guardian mummy
   718 | D        | Reached skill level 10 in Dodging
   718 | D        | Reached skill level 14 in Unarmed Combat
   719 | D        | Killed a troll
   734 | D        | Killed an orange demon
   745 | D        | Reached skill level 1 in Stealth
   745 | D        | Reached skill level 15 in Unarmed Combat
   747 | D        | Noticed an efreet
   747 | D        | Noticed a demonic crawler
   747 | D        | Noticed a death yak
   747 | D        | Noticed a centaur warrior
   764 | D        | Killed a death yak
   771 | D        | Killed a centaur warrior
   772 | D        | Reached skill level 10 in Fighting
   772 | D        | Reached skill level 16 in Unarmed Combat
   772 | D        | Reached XP level 10. HP: 29/110 MP: 9/9
   775 | D        | Mangled by a demonic crawler

Illustrated notes

Levels and vault maps discovered:
D:        pitsprint [storerooms_1, entrance_room_1, metal_vault_3, armoury_1,
          mini_pit_1, grid_room_1, main_hall_1, silver_pit, the_coven_2,
          the_vestibule_1, steel_vault_1, golden_pit, hallway_of_sentries,
          crystal_vault_4, iron_vault_5, final_vault]

Skill      XL: |  1  2  3  4  5  6  7  8  9 |
---------------+----------------------------+-----
Fighting       | 3 6 7 8 9 10 | 10.0
Dodging        | 3 6 7 9 11 | 11.1
Unarmed Combat | 8 9 12 13 16 | 16.1
Stealth        | 1 |  1.2

Action                     |  1- 3 |  4- 6 |  7- 9 | 10-12 || total
---------------------------+-------+-------+-------+-------++-------
  Melee: Unarmed           |     8 |    19 |    63 |     4 ||    94
         Punch             |       |       |     6 |     1 ||     7
 Invoke: Berserk           |     1 |       |     3 |       ||     4
         Brothers in Arms  |       |       |     3 |       ||     3
    Use: Scroll            |       |       |     1 |       ||     1
         Potion            |       |       |     1 |       ||     1
   Stab: Sleeping          |       |       |     1 |       ||     1
 Armour: Animal skin       |     1 |     1 |    19 |       ||    21
  Dodge: Dodged            |       |     9 |    50 |     5 ||    64

Table legend: (Time is in decaauts)
 A = Elapsed time spent in this place.
 B = Non-inter-level travel time spent in this place.
 C = Inter-level travel time spent in this place.
 D = Time resting spent in this place.
 E = Time spent auto-exploring this place.
 F = Levels seen in this place.
 G = Mean time per level.
                   A        B        C        D        E       F      G
               +--------+--------+--------+--------+--------+-----+--------+
         Total |    776 |    776 |      0 |    201 |    134 |   1 |  776.0 |
       Dungeon |    776 |    776 |      0 |    201 |    134 |   1 |  776.0 |
               +--------+--------+--------+--------+--------+-----+--------+

Top non-repeatable levels by time:
       D: 776 daAuts
